 Dungeon Crawl Stone Soup version 0.27.0-1-g7a089689b8 (webtiles) character file.

Game seed: 10700213783009160575

115 101zpm the Covered (level 5, -1/32 HPs)
             Began as a Gargoyle Fighter on Aug 11, 2021.
             Slain by an orc wizard (2 damage)
             ... on level 2 of the Dungeon.
             The game lasted 00:03:14 (2823 turns).

101zpm the Covered (Gargoyle Fighter)               Turns: 2823, Time: 00:03:15

Health: -1/32      AC: 11    Str: 21    XL:     5   Next: 0%
Magic:  5/5        EV:  7    Int:  8    God:
Gold:   109        SH:  0    Dex:  9    Spells: 4/4 levels left

rFire    . . .     SeeInvis .   n - +2 dagger (holy)
rCold    . . .     Faith    .   c - +0 kite shield
rNeg     + . .     Spirit   .   b - +0 scale mail
rPois    ∞         Reflect  .   (no helmet)
rElec    +         Harm     .   (no cloak)
rCorr    .         Rampage  .   (no gloves)
Will     .....                  (no boots)
Stlth    ..........             (no amulet)
HPRegen  0.10/turn              (no ring)
MPRegen  0.09/turn              (no ring)

@: confused
A: sickness immunity, AC +4, negative energy resistance 1, electricity
resistance, torment resistance 1, petrification resistance
a: no special abilities


You were on level 2 of the Dungeon.
You visited 1 branch of the dungeon, and saw 3 of its levels.

You collected 109 gold pieces.

Inventory:

Hand Weapons
 a - a +0 flail
 n - a +2 dagger of holy wrath (weapon)
Missiles
 o - 41 stones (quivered)
 v - 5 boomerangs
 w - 10 sling bullets
Armour
 b - a +0 scale mail (worn)
 c - a +0 kite shield (worn)
Magical Staves
 p - a staff of conjuration
Jewellery
 q - an amulet of reflection
Scrolls
 f - a scroll of blinking {unknown}
 g - a scroll of fear {unknown}
 h - a scroll of acquirement {unknown}
 i - a scroll of identify {unknown}
 j - 2 scrolls of teleportation {unknown}
 l - a scroll of torment {unknown}
 m - a scroll of vulnerability {unknown}
 s - a scroll of magic mapping {unknown}
Potions
 d - 3 potions of might
 e - a potion of curing {unknown}
 k - a potion of lignification {unknown}
 r - a potion of berserk rage {unknown}
 t - a potion of heal wounds {unknown}
 u - a potion of attraction {unknown}


   Skills:
 + Level 3.5 Fighting
 + Level 1.1 Short Blades
 + Level 2.5 Maces & Flails
 + Level 4.2 Armour
 + Level 0.6 Dodging
 + Level 0.5 Stealth
 + Level 4.2 Shields


You had 4 spell levels left.
You didn't know any spells.
Your spell library contained the following spells:

 Spells                   Type           Power      Damage    Failure   Level
 Beastly Appendage        Tmut           0%         N/A       99%         1
 Wereblood                Tmut           0%         N/A       100%        2
 Spider Form              Tmut/Pois      0%         N/A       100%        3


Dungeon Overview and Level Annotations

Branches:
Dungeon (3/15)

Altars:
Dithmenos
Trog


Innate Abilities, Weirdness & Mutations

You are immune to sickness and miasma.
Your stone body is resilient. (AC +4)
You are immune to poison.
You resist negative energy. (rN+)
You are resistant to electric shocks. (rElec)
You are resistant to unholy torment.
You are immune to petrification.


Message History

The orc barely misses you.
You hit the orc priest.
You kill the orc priest!
You block the orc wizard's attack. The orc barely misses you.
Your Short Blades skill increases to level 1!
You closely miss the orc.
The orc wizard hits you but does no damage.
The orc hits you but does no damage.
You hit the orc but do no damage. You block the orc wizard's attack.
The orc hits you with a +0 club.
* * * LOW HITPOINT WARNING * * *
You hit the orc but do no damage. The orc wizard barely misses you.
You block the orc's attack.
The orc wizard hits you but does no damage.
You closely miss the orc. The orc hits you but does no damage.
The orc wizard gestures at you while chanting.
You are confused.
The orc closely misses you.
You see here a +0 club.
Your scale mail prevents you from hitting the orc.
The orc hits you but does no damage.
The orc wizard hits you but does no damage.
The orc closely misses you.
There is a stone staircase leading down here.
You see here a rat skeleton.
The orc throws a boomerang.
The boomerang completely misses you.
You feel less confused.
You hit the orc.
The orc is heavily wounded.
The orc hits you with a +0 club.
* * * LOW HITPOINT WARNING * * *
You hit the orc.
You kill the orc!
The orc wizard gestures at you while chanting.
You are confused.
You have reached level 5!
You hit the orc wizard.
The orc wizard is moderately wounded.
The orc wizard hits you with a +0 dagger.
You die...

#.....######..##'###...#######...
#.....##..........##.........#.#'
########..........##.......).'.#.
#...)......##.........###.
##########...###.........###'
#............# ######'##.....
#............########.##.....
#..................##.##.....
#...........@......##.##.....
#########...)o.....##.##.....
#...>......##.##.....
#....).....##.##.....
#..........##.##.....
#..........##.##.....
#..........##..'.....
###..........#####.....
#............# ##..##


You could see an orc wizard.

Vanquished Creatures
  An orc priest (D:2)
  2 adders (D:2)
  A worm (D:2)
  A dart slug (D:3)
  2 orcs
  2 ball pythons (D:2)
  3 bats (D:2)
  6 endoplasms
  A giant cockroach (D:2)
  9 goblins
  3 hobgoblins
  6 jackals (D:1)
  A quokka (D:2)
  3 frilled lizards
  6 kobolds
  10 rats
57 creatures vanquished.

Notes
Turn   | Place    | Note
-------+----------+-------------------------------------------
     0 | D:1      | 101zpm the Gargoyle Fighter began the quest for the Orb.
     0 | D:1      | Reached XP level 1. HP: 14/14 MP: 1/1
   201 | D:1      | Reached XP level 2. HP: 19/19 MP: 2/2
   755 | D:1      | Reached XP level 3. HP: 16/23 MP: 3/3
  1237 | D:2      | HP: 1/23 [frozen (1)]
  2239 | D:2      | Reached XP level 4. HP: 25/28 MP: 4/4
  2544 | D:2      | Found a faded altar of an unknown god.
  2760 | D:3      | Found a bloodstained altar of Trog.
  2760 | D:3      | Found a shadowy altar of Dithmenos.
  2812 | D:2      | Reached skill level 1 in Short Blades
  2821 | D:2      | HP: 1/28 [orc (2)]
  2823 | D:2      | Reached XP level 5. HP: 1/32 MP: 5/5
  2823 | D:2      | Slain by an orc wizard

Illustrated notes

Levels and vault maps discovered:
D:1:      kennysheep_arrival_seaside, layout_loops_cross,
          minmay_misc_feat_hallway
D:2:      minmay_chambers_of_ones, layout_basic,
          hellmonk_ecumenical_altar_heavens_door
D:3:      layout_rooms, gammafunk_temple_overflow_elements, serial_corexii_hall,
          corexii_hall_statues_i, corexii_hall_statues_x,
          minmay_close_crescents, uniq_crazy_yiuf_cottage, uniq_ijyb,
          uniq_sigmund

Skill      XL: |  1  2  3  4 |
---------------+-------------+-----
Shields        | 4 |  4.2
Armour         | 4 |  4.2
Short Blades   | 1 |  1.1
Fighting       | |  3.5
Maces & Flails | |  2.5
Dodging        | |  0.6
Stealth        | |  0.5

Action                   |  1- 3 |  4- 6 || total
-------------------------+-------+-------++-------
Melee: Flail             |    87 |       ||    87
       Dagger            |    75 |    64 ||   139
Armor: Scale mail        |   102 |    42 ||   144
Dodge: Dodged            |    57 |    32 ||    89
Block: Kite shield       |    86 |    32 ||   118
